[ AOE2 MATCH · #475409454 ]
UnrankedHindustanis vs Byzantines
[ REPLAY ANALYSIS · EXTRACTED FROM THE RECORDED GAME ]
Feudal
11:15
Castle
16:11
Imperial
34:09
| APM avg | 23.8 |
| APM peak | 56 |
| eAPM avg | 10.6 |
| Villagers / military | 72 / 24 |
Focus
⚔️ 13.7% · 🌾 86.3%
Ghulam ×24
Feudal
11:44
Castle
—
Imperial
—
| APM avg | 21.8 |
| APM peak | 46 |
| eAPM avg | 10.1 |
| Villagers / military | 28 / 99 |
Focus
⚔️ 47.6% · 🌾 52.4%
Militia ×68 · Spearman ×31
Feudal
11:41
Castle
14:31
Imperial
35:07
| APM avg | 29.4 |
| APM peak | 68 |
| eAPM avg | 14.1 |
| Villagers / military | 95 / 22 |
Focus
⚔️ 19.4% · 🌾 80.6%
Ballista Elephant ×12 · Mangonel ×5 · Knight ×3 · Monk ×2
Feudal
—
Castle
—
Imperial
—
| APM avg | 3.4 |
| APM peak | 59 |
| eAPM avg | 1.6 |
| Villagers / military | 13 / 0 |
Focus
⚔️ 0.0% · 🌾 100.0%
Feudal
11:37
Castle
15:59
Imperial
—
| APM avg | 34.1 |
| APM peak | 68 |
| eAPM avg | 15.0 |
| Villagers / military | 46 / 29 |
Focus
⚔️ 23.6% · 🌾 76.4%
Knight ×29
Feudal
—
Castle
—
Imperial
—
| APM avg | 0.6 |
| APM peak | 12 |
| eAPM avg | 0.5 |
| Villagers / military | 4 / 0 |
Focus
⚔️ 0.0% · 🌾 100.0%
Feudal
—
Castle
—
Imperial
—
| APM avg | 4.4 |
| APM peak | 52 |
| eAPM avg | 2.2 |
| Villagers / military | 15 / 0 |
Focus
⚔️ 14.9% · 🌾 85.1%
Feudal
—
Castle
—
Imperial
—
| APM avg | 2.6 |
| APM peak | 38 |
| eAPM avg | 1.6 |
| Villagers / military | 15 / 0 |
Focus
⚔️ 6.1% · 🌾 93.9%
Match map
Initial resources + every placement click. Lines = walls · curves = elevation contours. ◆ gold · ⬟ stone · ● berries · ✦ relic · ◌ wall gap
Your base· ✓ Closed at 16:11 · 0t walls · 2 gate(s)
Doc Awk's base· ✓ Closed at 12:00 · 0t walls · 2 gate(s)
Ph.D.(c) Raw_of_Dog's base· ✓ Closed at 14:31 · 0t walls · 2 gate(s)
Avarice's base· ✓ Closed at 12:00 · 0t walls · 2 gate(s)
TheLawRøcK®'s base· ✓ Closed at 15:59 · 0t walls · 3 gate(s)
boomboomBOOM's base· ✓ Closed at 12:00 · 0t walls · 2 gate(s)
Czotyn's base· ✓ Closed at 12:00 · 0t walls · 3 gate(s)
Critssize's base· ✓ Closed at 12:00 · 0t walls · 2 gate(s)
Smoothed initial terrain · ◌ = detected wall gap · hover for details
Inputs per minute
— Dr. Snorlax - - Doc Awk
Build order — Dr. Snorlax
First 150 of 157 actions detected
| 0:01 | Create | Villager (Male) ×4 |
| 0:02 | Create | Villager (Male) ×4 |
| 0:04 | Build | House |
| 0:05 | Build | House |
| 1:18 | Create | Villager (Male) |
| 1:18 | Create | Villager (Male) |
| 1:57 | Create | Villager (Male) |
| 1:57 | Create | Villager (Male) |
| 1:57 | Create | Villager (Male) |
| 2:01 | Build | Lumber Camp |
| 2:46 | Create | Villager (Male) |
| 2:46 | Create | Villager (Male) |
| 2:56 | Create | Villager (Male) |
| 3:33 | Build | House |
| 3:50 | Create | Villager (Male) |
| 3:50 | Create | Villager (Male) |
| 4:01 | Create | Villager (Male) |
| 4:02 | Create | Villager (Male) |
| 5:03 | Create | Villager (Male) |
| 5:03 | Create | Villager (Male) |
| 5:19 | Create | Villager (Male) |
| 5:19 | Create | Villager (Male) |
| 5:19 | Create | Villager (Male) |
| 5:20 | Create | Villager (Male) |
| 5:20 | Create | Villager (Male) |
| 5:51 | Create | Villager (Male) |
| 5:52 | Create | Villager (Male) |
| 6:49 | Create | Villager (Male) |
| 6:49 | Create | Villager (Male) |
| 7:13 | Build | House |
| 7:55 | Build | Mill |
| 8:34 | Build | Mining Camp |
| 8:39 | Research | Loom |
| 8:40 | Research | Feudal Age |
| 8:56 | Build | Mining Camp |
| 11:04 | Build | House |
| 11:15 | Age | Feudal Age |
| 11:16 | Create | Villager (Male) |
| 11:17 | Create | Villager (Male) |
| 11:17 | Create | Villager (Male) |
| 11:32 | Build | Market |
| 11:35 | Build | Blacksmith |
| 13:31 | Research | Castle Age |
| 16:11 | Age | Castle Age |
| 16:12 | Create | Villager (Male) ×4 |
| 16:22 | Research | Horse Collar |
| 17:07 | Create | Villager (Male) |
| 17:43 | Create | Villager (Male) |
| 17:44 | Create | Villager (Male) |
| 17:57 | Build | Farm |
| 17:58 | Build | Farm |
| 18:21 | Create | Villager (Male) |
| 18:21 | Create | Villager (Male) |
| 18:21 | Create | Villager (Male) |
| 18:25 | Build | House |
| 18:26 | Build | House |
| 18:46 | Build | Farm |
| 18:46 | Build | Farm |
| 18:47 | Build | Farm |
| 18:47 | Build | Farm |
| 18:47 | Build | Farm |
| 18:47 | Build | Farm |
| 18:47 | Build | Farm |
| 18:47 | Build | Farm |
| 18:59 | Build | Farm |
| 18:59 | Build | Farm |
| 18:59 | Build | Farm |
| 18:59 | Build | Farm |
| 18:59 | Build | Farm |
| 19:00 | Build | Farm |
| 19:03 | Create | Villager (Male) |
| 19:03 | Create | Villager (Male) |
| 19:03 | Create | Villager (Male) |
| 19:22 | Build | Castle |
| 19:48 | Build | Palisade Gate |
| 19:57 | Create | Villager (Male) |
| 19:57 | Create | Villager (Male) |
| 19:58 | Create | Villager (Male) |
| 19:58 | Create | Villager (Male) |
| 20:01 | Create | Villager (Male) |
| 20:02 | Create | Villager (Male) |
| 20:29 | Create | Villager (Male) |
| 20:29 | Create | Villager (Male) |
| 20:30 | Create | Villager (Male) |
| 20:37 | Build | Mill |
| 20:39 | Create | Ghulam |
| 20:39 | Create | Ghulam |
| 20:43 | Create | Ghulam |
| 20:44 | Create | Ghulam |
| 20:50 | Create | Ghulam |
| 20:50 | Create | Ghulam |
| 21:01 | Create | Villager (Male) |
| 21:01 | Create | Villager (Male) |
| 21:14 | Create | Ghulam |
| 21:15 | Create | Ghulam |
| 21:15 | Create | Ghulam |
| 21:21 | Create | Villager (Male) |
| 21:21 | Create | Villager (Male) |
| 21:28 | Build | Barracks |
| 21:59 | Create | Ghulam |
| 21:59 | Create | Ghulam |
| 21:59 | Create | Ghulam |
| 22:00 | Create | Ghulam |
| 22:00 | Create | Ghulam |
| 22:18 | Create | Villager (Male) |
| 22:18 | Create | Villager (Male) |
| 22:21 | Build | Mill |
| 22:22 | Build | Farm |
| 22:22 | Build | Farm |
| 22:22 | Build | Farm |
| 22:22 | Build | Farm |
| 22:23 | Build | Farm |
| 22:23 | Build | Farm |
| 22:24 | Build | Farm |
| 22:24 | Build | Farm |
| 22:24 | Build | Farm |
| 22:26 | Create | Villager (Male) |
| 22:26 | Create | Villager (Male) |
| 22:29 | Create | Ghulam |
| 22:29 | Create | Ghulam |
| 22:43 | Create | Ghulam |
| 22:43 | Create | Ghulam |
| 22:43 | Create | Ghulam |
| 23:11 | Research | Arson |
| 23:57 | Create | Villager (Male) |
| 23:58 | Create | Villager (Male) |
| 24:01 | Build | Farm |
| 24:01 | Build | Farm |
| 24:01 | Build | Farm |
| 24:01 | Build | Farm |
| 24:19 | Research | Forging |
| 25:06 | Create | Ghulam |
| 25:06 | Create | Ghulam |
| 25:07 | Create | Ghulam |
| 25:07 | Create | Ghulam |
| 25:07 | Create | Ghulam |
| 25:09 | Create | Villager (Male) |
| 25:09 | Create | Villager (Male) |
| 25:09 | Create | Villager (Male) |
| 25:09 | Create | Villager (Male) |
| 25:11 | Build | Farm |
| 25:11 | Build | Farm |
| 25:12 | Build | Farm |
| 25:12 | Build | Farm |
| 25:32 | Create | Villager (Male) |
| 25:32 | Create | Villager (Male) |
| 25:36 | Build | House |
| 25:37 | Build | House |
| 25:37 | Build | House |
| 25:37 | Build | House |
Build order — Doc Awk
98 actions detected in the replay
| 0:00 | Create | Villager (Male) ×4 |
| 0:02 | Build | House |
| 0:04 | Build | House |
| 1:23 | Create | Villager (Male) |
| 1:48 | Build | Lumber Camp |
| 1:50 | Create | Villager (Male) |
| 2:26 | Create | Villager (Male) |
| 2:55 | Create | Villager (Male) ×2 |
| 3:51 | Create | Villager (Male) ×2 |
| 4:23 | Build | House |
| 4:59 | Create | Villager (Male) ×2 |
| 5:03 | Build | Mill |
| 5:23 | Create | Villager (Male) |
| 5:49 | Create | Villager (Male) ×3 |
| 6:46 | Create | Villager (Male) ×3 |
| 6:52 | Build | House |
| 7:02 | Research | Loom |
| 7:03 | Create | Villager (Male) |
| 7:03 | Create | Villager (Male) |
| 7:03 | Create | Villager (Male) |
| 7:14 | Build | Barracks |
| 7:18 | Create | Villager (Male) |
| 7:25 | Build | House |
| 7:42 | Create | Villager (Male) |
| 8:57 | Build | House |
| 8:58 | Build | House |
| 9:11 | Build | Mining Camp |
| 9:13 | Research | Feudal Age |
| 9:37 | Build | Barracks |
| 10:03 | Build | House |
| 10:06 | Build | House |
| 10:34 | Create | Militia ×4 |
| 10:47 | Create | Militia |
| 10:50 | Create | Militia |
| 10:50 | Create | Militia |
| 11:21 | Build | House |
| 11:24 | Build | House |
| 11:44 | Age | Feudal Age |
| 11:44 | Research | Man-at-Arms (upgrade) |
| 11:45 | Create | Spearman |
| 12:12 | Build | Farm |
| 12:12 | Build | Farm |
| 12:13 | Build | Farm |
| 12:14 | Build | Farm |
| 12:14 | Build | Farm |
| 12:15 | Build | Farm |
| 12:16 | Build | Farm |
| 12:21 | Create | Villager (Male) |
| 12:50 | Build | Farm |
| 13:04 | Create | Militia |
| 13:50 | Create | Villager (Male) |
| 13:51 | Create | Villager (Male) |
| 14:00 | Build | House |
| 14:01 | Build | House |
| 14:03 | Build | House |
| 14:04 | Build | House |
| 14:20 | Create | Militia ×3 |
| 14:36 | Research | Arson |
| 15:27 | Build | Blacksmith |
| 15:39 | Create | Militia ×5 |
| 16:13 | Create | Spearman ×5 |
| 16:14 | Create | Spearman ×5 |
| 16:19 | Create | Spearman ×5 |
| 17:12 | Create | Spearman ×5 |
| 17:12 | Create | Militia ×4 |
| 17:23 | Create | Militia ×3 |
| 18:14 | Research | Forging |
| 18:14 | Research | Scale Mail Armor |
| 18:49 | Build | Farm |
| 18:49 | Build | Farm |
| 18:50 | Build | Farm |
| 18:50 | Build | Farm |
| 18:54 | Build | Farm |
| 18:56 | Build | Farm |
| 19:02 | Build | House |
| 19:03 | Build | House |
| 19:04 | Build | House |
| 19:05 | Build | House |
| 19:05 | Build | House |
| 19:07 | Build | House |
| 20:26 | Create | Spearman ×5 |
| 20:26 | Create | Spearman ×5 |
| 21:37 | Create | Militia ×5 |
| 21:45 | Build | Farm |
| 22:15 | Build | Stone Wall |
| 23:18 | Build | Farm |
| 24:54 | Create | Militia ×5 |
| 24:54 | Create | Militia ×5 |
| 24:55 | Create | Militia ×5 |
| 24:55 | Create | Militia |
| 25:32 | Create | Militia ×5 |
| 25:32 | Create | Militia ×5 |
| 25:33 | Create | Militia ×5 |
| 25:33 | Create | Militia |
| 28:38 | Create | Militia ×5 |
| 28:38 | Create | Militia ×3 |
| 32:49 | Build | Palisade Wall |
| 35:26 | Build | Palisade Wall |
Build order — Ph.D.(c) Raw_of_Dog
First 150 of 196 actions detected
| 0:01 | Create | Villager (Male) |
| 0:01 | Create | Villager (Male) |
| 0:02 | Create | Villager (Male) |
| 0:02 | Create | Villager (Male) |
| 0:02 | Create | Villager (Male) |
| 0:04 | Build | House |
| 0:07 | Build | House |
| 1:32 | Create | Villager (Male) |
| 1:32 | Create | Villager (Male) |
| 1:46 | Build | Lumber Camp |
| 2:20 | Create | Villager (Male) |
| 2:20 | Create | Villager (Male) |
| 2:40 | Create | Villager (Male) |
| 2:40 | Create | Villager (Male) |
| 2:56 | Create | Villager (Male) |
| 3:27 | Create | Villager (Male) |
| 3:54 | Create | Villager (Male) |
| 3:54 | Create | Villager (Male) |
| 3:54 | Create | Villager (Male) |
| 4:03 | Build | House |
| 4:04 | Build | House |
| 4:04 | Build | House |
| 4:31 | Create | Villager (Male) |
| 4:55 | Build | Mill |
| 5:05 | Create | Villager (Male) |
| 5:05 | Create | Villager (Male) |
| 5:37 | Create | Villager (Male) |
| 5:37 | Create | Villager (Male) |
| 6:28 | Create | Villager (Male) |
| 6:28 | Create | Villager (Male) |
| 6:29 | Create | Villager (Male) |
| 6:29 | Create | Villager (Male) |
| 6:59 | Create | Villager (Male) |
| 7:57 | Create | Villager (Male) |
| 7:57 | Create | Villager (Male) |
| 7:57 | Create | Villager (Male) |
| 7:58 | Create | Villager (Male) |
| 7:58 | Create | Villager (Male) |
| 7:58 | Create | Villager (Male) |
| 8:55 | Create | Villager (Male) |
| 9:03 | Build | Mining Camp |
| 9:31 | Research | Feudal Age |
| 10:45 | Build | Farm |
| 11:35 | Build | Lumber Camp |
| 11:41 | Age | Feudal Age |
| 11:51 | Research | Castle Age |
| 11:51 | Research | Castle Age |
| 12:27 | Build | Farm |
| 12:31 | Build | Farm |
| 12:35 | Build | Farm |
| 12:38 | Build | Farm |
| 13:11 | Build | Farm |
| 13:11 | Build | Farm |
| 13:59 | Research | Double-Bit Axe |
| 14:00 | Research | Horse Collar |
| 14:31 | Age | Castle Age |
| 14:43 | Research | Loom |
| 14:46 | Build | Farm |
| 15:18 | Build | Mining Camp |
| 15:38 | Create | Villager (Male) |
| 15:39 | Create | Villager (Male) |
| 15:39 | Create | Villager (Male) |
| 15:57 | Research | Bow Saw |
| 16:02 | Research | Heavy Plow |
| 17:02 | Create | Villager (Male) |
| 17:02 | Create | Villager (Male) |
| 17:16 | Build | Town Center |
| 17:42 | Create | Villager (Male) |
| 17:43 | Create | Villager (Male) |
| 17:43 | Create | Villager (Male) |
| 17:48 | Build | House |
| 17:48 | Build | House |
| 17:50 | Build | House |
| 17:52 | Build | House |
| 18:23 | Create | Villager (Male) |
| 18:23 | Create | Villager (Male) |
| 18:23 | Create | Villager (Male) |
| 18:38 | Build | House |
| 18:59 | Create | Villager (Male) |
| 18:59 | Create | Villager (Male) |
| 19:04 | Create | Villager (Male) |
| 19:04 | Create | Villager (Male) |
| 19:04 | Create | Villager (Male) |
| 19:25 | Build | House |
| 19:51 | Create | Villager (Male) |
| 19:51 | Create | Villager (Male) |
| 19:51 | Create | Villager (Male) |
| 19:56 | Build | House |
| 20:15 | Create | Villager (Male) |
| 20:30 | Build | Farm |
| 20:33 | Build | Farm |
| 20:36 | Build | Farm |
| 20:39 | Build | Farm |
| 20:42 | Build | Farm |
| 20:45 | Build | Farm |
| 20:49 | Create | Villager (Male) |
| 20:49 | Create | Villager (Male) |
| 20:50 | Create | Villager (Male) |
| 21:03 | Create | Villager (Male) |
| 21:06 | Create | Villager (Male) |
| 21:34 | Build | Farm |
| 21:39 | Create | Villager (Male) |
| 21:40 | Create | Villager (Male) |
| 21:40 | Create | Villager (Male) |
| 21:40 | Create | Villager (Male) |
| 21:43 | Build | Farm |
| 21:44 | Build | Farm |
| 22:16 | Build | Castle |
| 22:25 | Create | Villager (Male) |
| 22:25 | Create | Villager (Male) |
| 22:26 | Create | Villager (Male) |
| 22:26 | Create | Villager (Male) |
| 22:26 | Create | Villager (Male) |
| 22:58 | Create | Villager (Male) |
| 22:58 | Create | Villager (Male) |
| 22:58 | Create | Villager (Male) |
| 22:58 | Create | Villager (Male) |
| 23:15 | Build | Town Center |
| 23:29 | Build | Castle |
| 23:39 | Build | Palisade Gate |
| 24:08 | Build | Palisade Gate |
| 24:10 | Build | Palisade Wall |
| 24:18 | Build | House |
| 24:26 | Build | Palisade Wall |
| 24:39 | Build | Palisade Gate |
| 24:46 | Build | Palisade Gate |
| 24:53 | Build | Palisade Gate |
| 24:56 | Build | Palisade Wall |
| 25:20 | Create | Villager (Male) |
| 25:20 | Create | Villager (Male) |
| 25:20 | Create | Villager (Male) |
| 25:21 | Create | Villager (Male) |
| 25:21 | Create | Villager (Male) |
| 25:21 | Create | Villager (Male) |
| 25:22 | Create | Villager (Male) |
| 25:56 | Create | Ballista Elephant |
| 25:56 | Create | Ballista Elephant |
| 25:56 | Create | Ballista Elephant |
| 26:02 | Build | Siege Workshop |
| 26:13 | Build | Farm |
| 26:16 | Build | Lumber Camp |
| 26:18 | Build | Farm |
| 26:26 | Research | Gold Mining |
| 26:27 | Research | Gold Mining |
| 26:30 | Create | Villager (Male) |
| 26:31 | Create | Villager (Male) |
| 26:31 | Create | Villager (Male) |
| 26:31 | Create | Villager (Male) |
| 26:31 | Create | Villager (Male) |
| 27:17 | Create | Mangonel |
Build order — Avarice
18 actions detected in the replay
| 0:01 | Create | Villager (Male) |
| 0:01 | Create | Villager (Male) |
| 0:01 | Create | Villager (Male) |
| 0:03 | Build | House |
| 0:04 | Build | House |
| 0:32 | Create | Villager (Male) |
| 1:24 | Create | Villager (Male) |
| 2:10 | Create | Villager (Male) |
| 2:31 | Create | Villager (Male) |
| 2:39 | Build | Lumber Camp |
| 2:41 | Create | Villager (Male) |
| 3:29 | Create | Villager (Male) |
| 3:39 | Build | House |
| 4:03 | Create | Villager (Male) |
| 4:03 | Create | Villager (Male) |
| 4:45 | Create | Villager (Male) |
| 4:49 | Build | Mill |
| 5:09 | Create | Villager (Male) |
Build order — TheLawRøcK®
133 actions detected in the replay
| 0:02 | Create | Villager (Male) |
| 0:03 | Create | Villager (Male) |
| 0:03 | Create | Villager (Male) |
| 0:03 | Create | Villager (Male) |
| 0:25 | Build | House |
| 1:51 | Create | Villager (Male) |
| 2:14 | Build | House |
| 2:18 | Create | Villager (Male) |
| 2:18 | Create | Villager (Male) |
| 2:52 | Create | Villager (Male) |
| 2:52 | Create | Villager (Male) |
| 3:16 | Create | Villager (Male) |
| 3:16 | Create | Villager (Male) |
| 3:27 | Create | Villager (Male) |
| 3:28 | Create | Villager (Male) |
| 4:16 | Create | Villager (Male) |
| 4:17 | Create | Villager (Male) |
| 4:25 | Build | House |
| 4:51 | Build | Mill |
| 5:02 | Create | Villager (Male) |
| 5:02 | Create | Villager (Male) |
| 5:09 | Build | Lumber Camp |
| 5:20 | Create | Villager (Male) |
| 5:21 | Create | Villager (Male) |
| 5:55 | Create | Villager (Male) |
| 5:56 | Create | Villager (Male) |
| 6:46 | Create | Villager (Male) |
| 7:22 | Create | Villager (Male) |
| 7:22 | Create | Villager (Male) |
| 7:32 | Build | Farm |
| 7:45 | Build | Farm |
| 8:02 | Create | Villager (Male) |
| 8:29 | Create | Villager (Male) |
| 8:50 | Create | Villager (Male) |
| 9:06 | Research | Feudal Age |
| 9:13 | Build | Mining Camp |
| 9:54 | Build | Farm |
| 10:50 | Build | Mill |
| 11:25 | Create | Villager (Male) |
| 11:37 | Age | Feudal Age |
| 11:40 | Build | Market |
| 11:45 | Create | Villager (Male) |
| 11:52 | Build | Blacksmith |
| 12:14 | Create | Villager (Male) |
| 13:19 | Research | Castle Age |
| 13:43 | Build | Barracks |
| 14:29 | Build | Mining Camp |
| 14:56 | Build | Stable |
| 15:59 | Age | Castle Age |
| 16:06 | Build | Stable |
| 16:09 | Create | Knight |
| 16:09 | Create | Knight |
| 16:21 | Research | Loom |
| 16:36 | Create | Knight |
| 16:59 | Create | Knight |
| 17:05 | Build | House |
| 17:06 | Create | Knight |
| 17:21 | Build | House |
| 18:11 | Build | Mining Camp |
| 18:32 | Build | Mill |
| 18:49 | Create | Knight |
| 18:54 | Create | Villager (Male) |
| 18:55 | Create | Villager (Male) |
| 19:01 | Build | Farm |
| 19:02 | Build | Farm |
| 19:04 | Build | Farm |
| 19:06 | Build | Farm |
| 19:30 | Research | Bloodlines |
| 20:45 | Build | Farm |
| 20:46 | Build | Farm |
| 20:47 | Build | Farm |
| 20:48 | Build | Farm |
| 20:49 | Build | Farm |
| 20:51 | Build | Farm |
| 20:52 | Build | Farm |
| 20:52 | Build | Farm |
| 21:43 | Create | Knight |
| 21:43 | Create | Knight |
| 22:51 | Build | Stable |
| 23:28 | Create | Knight |
| 23:28 | Create | Knight |
| 24:17 | Research | Double-Bit Axe |
| 24:17 | Research | Double-Bit Axe |
| 24:36 | Create | Villager (Male) |
| 24:36 | Create | Villager (Male) |
| 24:36 | Create | Villager (Male) |
| 24:57 | Create | Villager (Male) |
| 25:39 | Create | Knight |
| 25:39 | Create | Knight |
| 25:46 | Build | House |
| 25:49 | Build | House |
| 26:20 | Build | House |
| 26:26 | Create | Villager (Male) |
| 26:26 | Create | Villager (Male) |
| 26:42 | Create | Knight |
| 26:42 | Create | Knight |
| 26:50 | Create | Knight |
| 26:50 | Create | Knight |
| 27:01 | Build | Stable |
| 27:03 | Research | Scale Barding Armor |
| 27:14 | Build | Farm |
| 27:21 | Create | Knight |
| 28:22 | Create | Knight |
| 28:22 | Create | Knight |
| 28:37 | Research | Wheelbarrow |
| 29:02 | Create | Knight |
| 29:02 | Create | Knight |
| 29:11 | Build | House |
| 29:16 | Build | Palisade Gate |
| 29:23 | Create | Villager (Male) |
| 29:23 | Create | Villager (Male) |
| 30:32 | Create | Knight |
| 30:32 | Create | Knight |
| 30:32 | Create | Knight |
| 30:41 | Build | House |
| 30:46 | Build | House |
| 30:49 | Research | Forging |
| 31:18 | Research | Bow Saw |
| 31:18 | Research | Bow Saw |
| 31:57 | Research | Hand Cart |
| 32:40 | Research | Horse Collar |
| 32:48 | Create | Villager (Male) |
| 32:48 | Create | Villager (Male) |
| 32:48 | Create | Villager (Male) |
| 32:49 | Create | Villager (Male) |
| 32:49 | Create | Villager (Male) |
| 32:49 | Create | Villager (Male) |
| 33:51 | Research | Husbandry |
| 33:52 | Create | Knight |
| 33:52 | Create | Knight |
| 33:53 | Create | Knight |
| 33:53 | Create | Knight |
| 33:53 | Create | Knight |
Build order — boomboomBOOM
6 actions detected in the replay
| 0:02 | Create | Villager (Male) |
| 0:03 | Create | Villager (Male) |
| 0:03 | Create | Villager (Male) |
| 0:03 | Create | Villager (Male) |
| 0:04 | Build | House |
| 0:05 | Build | House |
Build order — Czotyn
20 actions detected in the replay
| 0:02 | Create | Villager (Male) |
| 0:02 | Create | Villager (Male) |
| 0:02 | Create | Villager (Male) |
| 0:02 | Create | Villager (Male) |
| 0:03 | Create | Villager (Male) |
| 0:04 | Build | House |
| 0:05 | Build | House |
| 1:41 | Create | Villager (Male) |
| 1:45 | Build | Lumber Camp |
| 2:04 | Create | Villager (Male) |
| 2:18 | Create | Villager (Male) |
| 2:43 | Create | Villager (Male) |
| 3:30 | Create | Villager (Male) |
| 3:33 | Build | House |
| 3:51 | Create | Villager (Male) |
| 3:55 | Build | Mill |
| 4:16 | Create | Villager (Male) |
| 4:57 | Create | Villager (Male) |
| 5:02 | Create | Villager (Male) |
| 5:03 | Create | Villager (Male) |
Build order — Critssize
19 actions detected in the replay
| 0:01 | Create | Villager (Male) |
| 0:01 | Create | Villager (Male) |
| 0:02 | Build | House |
| 0:04 | Build | House |
| 0:10 | Create | Villager (Male) |
| 0:10 | Create | Villager (Male) |
| 0:11 | Create | Villager (Male) |
| 1:24 | Create | Villager (Male) |
| 1:47 | Build | Lumber Camp |
| 1:57 | Create | Villager (Male) |
| 1:57 | Create | Villager (Male) |
| 2:11 | Create | Villager (Male) |
| 2:53 | Create | Villager (Male) |
| 3:23 | Create | Villager (Male) |
| 3:23 | Create | Villager (Male) |
| 4:08 | Create | Villager (Male) |
| 4:17 | Build | House |
| 4:22 | Create | Villager (Male) |
| 4:22 | Create | Villager (Male) |
Match timeline
| 2:01 | boomboomBOOM · resign |
| 7:14 | Doc Awk · first_building Barracks |
| 11:15 | Dr. Snorlax · age_up feudal |
| 11:37 | TheLawRøcK® · age_up feudal |
| 11:41 | Ph.D.(c) Raw_of_Dog · age_up feudal |
| 11:44 | Doc Awk · age_up feudal |
| 13:43 | TheLawRøcK® · first_building Barracks |
| 14:31 | Ph.D.(c) Raw_of_Dog · age_up castle |
| 14:56 | TheLawRøcK® · first_building Stable |
| 15:59 | TheLawRøcK® · age_up castle |
| 16:11 | Dr. Snorlax · age_up castle |
| 19:22 | Dr. Snorlax · first_building Castle |
| 21:28 | Dr. Snorlax · first_building Barracks |
| 22:15 | Doc Awk · wall_segment Stone Wall x8 |
| 22:16 | Ph.D.(c) Raw_of_Dog · first_building Castle |
| 24:10 | Ph.D.(c) Raw_of_Dog · wall_segment Palisade Wall x1 |
| 24:26 | Ph.D.(c) Raw_of_Dog · wall_segment Palisade Wall x1 |
| 24:56 | Ph.D.(c) Raw_of_Dog · wall_segment Palisade Wall x1 |
| 26:02 | Ph.D.(c) Raw_of_Dog · first_building Siege Workshop |
| 27:41 | Ph.D.(c) Raw_of_Dog · first_building Monastery |
| 29:00 | Ph.D.(c) Raw_of_Dog · first_building Stable |
| 32:49 | Doc Awk · wall_segment Palisade Wall x2 |
| 34:09 | Dr. Snorlax · age_up imperial |
| 35:07 | Ph.D.(c) Raw_of_Dog · age_up imperial |
| 35:26 | Doc Awk · wall_segment Palisade Wall x2 |
[ AI ANALYSIS · 1 CREDIT ]
What really happened in this match?
Wolo.gg analyzes every decision: build order, eco, micro, common mistakes by bracket. Personalized analysis on WhatsApp or Discord in 30 seconds.
Civ guide
Hindustanis
Perfil
Jugador #3906176